 Dungeon Crawl Stone Soup version 0.25-a0-875-geaba134f46 (webtiles) character file.

Game seed: 12119499962242291111, levelgen mode: deterministic

63 Flugkiller the Skirmisher (level 3, 0/30 HPs)
             Began as a Demonspawn Warper on May 1, 2020.
             Was a Follower of Uskayaw.
             Killed from afar by an orc wizard (2 damage)
             ... with a magic dart
             ... on level 1 of the Dungeon.
             The game lasted 00:03:27 (1909 turns).

Flugkiller the Skirmisher (Demonspawn Warper)       Turns: 1909, Time: 00:03:27

Health: 0/30       AC:  6    Str: 12    XL:     3   Next: 89%
Magic:  6/6        EV: 11    Int: 14    God:    Uskayaw [*.....]
Gold:   78         SH:  0    Dex: 12    Spells: 6/6 levels left

rFire    + . .     SeeInvis .   a - +0 hand axe
rCold    . . .     Gourm    .   (no shield)
rNeg     . . .     Faith    .   b - +0 leather armour
rPois    .         Spirit   .   (no helmet)
rElec    .         Reflect  .   (no cloak)
rCorr    .         Harm     .   (no gloves)
MR       .....                  i - +0 pair of boots
Stlth    +.........             (no amulet)
HPRegen  0.10/turn              (no ring)
MPRegen  0.10/turn              (no ring)

@: confused
A: slimy green scales 1, fire resistance 1
a: Stomp, Renounce Religion


You were on level 1 of the Dungeon.
You worshipped Uskayaw.
Uskayaw was noncommittal.
You were not hungry.

You visited 1 branch of the dungeon, and saw 2 of its levels.

You collected 78 gold pieces.

Inventory:

Hand Weapons
 a - a +0 hand axe (weapon)
Missiles
 e - 5 boomerangs of dispersal (quivered)
 g - 7 boomerangs
Armour
 b - a +0 leather armour (worn)
 i - a +0 pair of boots (worn)
   (You found it on level 1 of the Dungeon)
 k - a +2 tower shield
   (You found it on level 1 of the Dungeon)
Jewellery
 c - an uncursed amulet of the gourmand {unknown}
   (You found it on level 1 of the Dungeon)
Scrolls
 d - a scroll of blinking
 j - a scroll of fog {unknown}
 l - a scroll of identify {unknown}
 m - a scroll of fear {unknown}
 n - a scroll of remove curse {unknown}
Comestibles
 f - a ration


   Skills:
 + Level 4.2 Fighting
 - Level 1.7 Axes
 - Level 0.8 Throwing
 - Level 0.8 Armour
 - Level 1.7 Dodging
 - Level 2.0 Spellcasting
   Level 2.6 Translocations


You had 6 spell levels left.
You didn't know any spells.
Your spell library contained the following spells:

 Spells                   Type           Power        Failure   Level  Hunger
 Blink                    Tloc           N/A          16%         2    ###....
 Shroud of Golubria       Chrm/Tloc      #.....       26%         2    ###....
 Gell's Gravitas          Tloc           #.........   30%         3    ####...
 Lesser Beckoning         Tloc           #.........   30%         3    ####...
 Teleport Other           Tloc           #.......     30%         3    ####...
 Passage of Golubria      Tloc           N/A          69%         4    #####..


Dungeon Overview and Level Annotations

Branches:
Dungeon (2/15)

Altars:
Uskayaw


Innate Abilities, Weirdness & Mutations

You are partially covered in slimy green scales. (AC +2)
Your flesh is heat resistant. (rF+)


Message History

You miss something.
You hear some strange, mumbled words.
You are confused.
You're too confused!
Unknown command.
You aren't carrying any potions.
You bump into the rock wall.
Something hits you but does no damage.
You can no longer pass through a line of other dancers.
You bump into the rock wall.
Something hits you but does no damage.
You hear some strange, mumbled words.
Something tries to affect you, but you resist.
Things that are here:
a +0 short sword; a +0 hand axe Unknown command.
Unknown command.
You hear some strange, mumbled words.
You are more confused.
Unknown command.
Unknown command.
Something hits you.
* * * LOW HITPOINT WARNING * * *
You closely miss something. Something hits you.
* * * LOW HITPOINT WARNING * * *
Unknown command.
Unknown command.
You barely miss something.
An orc wizard appears from thin air!
Reactivating autopickup.
The orc wizard points at you and mumbles some strange words.
The puff of flame hits you. You resist.
* * * LOW HITPOINT WARNING * * *
The orc wizard barely misses you.
You barely miss the orc wizard.
The orc wizard is almost dead.
The orc wizard gestures wildly while chanting.
The orc wizard flickers and vanishes!
Deactivating autopickup; reactivate with Ctrl-A.
Unknown command.
You closely miss something.
You hear some strange, mumbled words.
You are more confused.
You bump into the rock wall.
Something hits you but does no damage.
You miss something.
You hear some strange, mumbled words.
A magic dart appears from out of thin air!
The magic dart hits you.
You die...

##### #...######
##################........#
#............>............#
#.#.#####...)[.###..####..#
###.#[###........# #..# #..#
#.........#...{..###..# #..###
#.#.#.##......@.....#.# #.....
###.#.#.##....#.##.####.# #.####
....#.#.........##.# #.# #.....
.##.#...........##.# #.# ######
.....÷.........###.####.#########
'#'#÷#...............##.##......[
.#÷#.#.............#.#..#.....##.
######.#.##.#.................##.
.#.#.#.#.##.###.####.#.##÷....##.


There were no monsters in sight!

Vanquished Creatures
  An orc priest (D:1)
  An ooze (D:1)
  A leopard gecko (D:1)
  2 orcs (D:1)
  2 bats (D:1)
  A giant cockroach (D:1)
  2 goblins
  2 hobgoblins (D:1)
  2 quokkas
  3 frilled lizards (D:1)
  12 rats
29 creatures vanquished.

Notes
Turn   | Place    | Note
-------+----------+-------------------------------------------
     0 | D:1      | Flugkiller the Demonspawn Warper began the quest for the
                  | Orb.
     0 | D:1      | Reached XP level 1. HP: 16/16 MP: 3/3
   286 | D:1      | Gained mutation: Your flesh is heat resistant. (rF+)
                  | [demonic ancestry]
   286 | D:1      | Reached XP level 2. HP: 23/23 MP: 5/5
   436 | D:1      | Reached skill level 3 in Fighting
  1265 | D:2      | Found a hide-covered altar of Uskayaw.
  1280 | D:2      | Became a worshipper of Uskayaw the Reveler
  1304 | D:1      | Gained mutation: You are partially covered in slimy green
                  | scales. (AC +2) [demonic ancestry]
  1304 | D:1      | Reached XP level 3. HP: 9/29 MP: 6/6
  1536 | D:2      | Reached * piety under Uskayaw
  1542 | D:1      | Reached ** piety under Uskayaw
  1600 | D:1      | Reached skill level 4 in Fighting
  1905 | D:1      | HP: 1/30 [orc wizard/puff of flame (3)]
  1909 | D:1      | Killed from afar by an orc wizard

Levels and vault maps discovered:
D:1:      lightli_arrival_boilingwater, layout_loops_ring,
          minmay_rat_gold_closets
D:2:      kennysheep_big_flooded_room, layout_rooms, lemuel_doored_altar,
          old_standard_altar, minmay_heptomino_o4

Skill      XL: |  1  2  3 |
---------------+----------+-----
Fighting       | 3 4 |  4.2
Axes           | |  1.7
Throwing       | |  0.8
Armour         | |  0.8
Dodging        | |  1.7
Spellcasting   | |  2.0
Translocations | |  2.6

Action                   || total
-------------------------++-------
Melee: Hand axe          ||   113
Invok: Stomp             ||     1
  Use: Scroll            ||     1
 Stab: Sleeping          ||     3
  Eat: Chunk             ||     3
Armor: Leather armour    ||    45
Dodge: Dodged            ||    41
Block: Tower shield      ||    43

Table legend:
 A = Non-vault XP
 B = Vault XP
 C = Vault XP percentage of total XP
 D = Non-vault monster count
 E = Vault monster count
 F = Vault count percentage of total count
                 A         B        C        D         E       F
            +---------+---------+-------+---------+---------+-------
      Total |      84 |       7 |   7.7 |      22 |       7 |  24.1
            +---------+---------+-------+---------+---------+-------
        D:1 |      78 |       7 |   8.2 |      18 |       7 |  28.0
        D:2 |       6 |       0 |   0.0 |       4 |       0 |   0.0
            +---------+---------+-------+---------+---------+-------
